 Dungeon Sprint DCSS version 0.21-a0-630-g344d351 (webtiles) character file.

4825 schets the Warrior (level 10, -1/106 HPs)
             Began as a Minotaur Berserker on Dec 27, 2017.
             Was a High Priest of Trog.
             Killed by an exploding ballistomycete spore (31 damage)
             ... in the Dungeon (Sprint I: "Red Sonja").
             The game lasted 00:03:36 (1602 turns).

schets the Warrior (Minotaur Berserker)             Turns: 1602, Time: 00:03:37

Health: -1/106     AC:  7    Str: 30    XL:     10   Next: 25%
Magic:  9/9        EV: 16    Int:  4    God:    Trog [*****.]
Gold:   715        SH:  0    Dex:  9    Spells: 9/9 levels left

rFire    . . .     SeeInvis .   l - +7 flail "Azor" {crush, rPois Str+4}
rCold    . . .     Gourm    .   (no shield)
rNeg     . . .     Faith    .   k - +3 leather armour {rPois}
rPois    +         Spirit   .   (helmet restricted)
rElec    .         Reflect  .   (no cloak)
rCorr    .         Harm     .   (no gloves)
MR       .....     NoTele   +   (no boots)
Stlth    ..........             (no amulet)
HPRegen  0.27/turn              (no ring)
MPRegen  0.11/turn              (no ring)

@: confused
A: retaliatory headbutt, horns 2
a: Berserk, Trog's Hand, Brothers in Arms, Burn Spellbooks, Renounce Religion


You were in the Dungeon.
You worshipped Trog.
Trog was extremely pleased with you.
You were near starving.

You visited 1 branch You collected 753 gold pieces.
You spent 38 gold pieces at shops.

Inventory:

Hand Weapons
 a - a +0 mace
 l - the +7 flail "Azor" (weapon) {crush, rPois Str+4}
   (You found it in the Dungeon)

   It inflicts extra damage upon your enemies.
   It affects your strength (+4).
   It protects you from poison.
 n - a +0 blowgun
Armour
 b - a +0 animal skin
 k - a +3 leather armour of poison resistance (worn)
Wands
 j - a wand of digging (20)
 p - a wand of random effects (15)
Scrolls
 c - a scroll of summoning {unknown}
 i - a scroll of blinking
 m - a scroll of immolation
 q - 2 scrolls of identify {unknown}
Potions
 d - a potion of curing
 e - a potion of heal wounds
 f - a potion of haste
 g - 2 potions of magic
 h - a potion of berserk rage


   Skills:
 * Level 15.5 Fighting
 * Level 15.5 Maces & Flails
 + Level 8.6 Throwing
 + Level 11.2 Armour
 + Level 10.5 Dodging


You had 9 spell levels left.
You didn't know any spells.

Dungeon Overview and Level Annotations

Branches:
Dungeon (1/1)

Altars:
Cheibriados
Dithmenos
Elyvilon
Fedhas
Gozag
Hepliaklqana
Kikubaaqudgha
Nemelex Xobeh
Okawaru
Qazlal
Ru
Sif Muna
Trog
Uskayaw
Vehumet
Wu Jian
Yredelemnul
Zin
The Shining One

Shops:
D ?[


Innate Abilities, Weirdness & Mutations

You reflexively headbutt those who attack you in melee.
You have a pair of horns on your head.


Message History

There is an open door here.
You see here a +0 troll leather armour.
There is an open door, spattered with blood here.
You open the door. 2 ballistomycete spores come into view.
The ballistomycete spore waves its rhizomes. x2
A ballistomycete grows in the wake of the ballistomycete spore.
Found five items.
You sock the ballistomycete spore!
The ballistomycete spore explodes!
The explosion of spores engulfs you!
You are confused.
* * * LOW HITPOINT WARNING * * *
The explosion of spores engulfs the ballistomycete spore.
The ballistomycete spore explodes!
A fungus suddenly grows.
The explosion of spores engulfs the ballistomycete.
A fungus suddenly grows.
The explosion of spores engulfs you!
You are more confused.
You die...

#..#__####..##.#§≈§..#§§#
#..#_____##'#_.+§≈≈§§§§§#
#⌠⌠#_.∩...'..._#§≈§§.#..#
####_..__##_.#+##§#####'###
#_____###'# #.§§.###.'.#
##########)####'###.###.#
........+...'§§...'.∩##†#
#++++####...###########§#
##@###....§..##§# #'#
#........§.#


!PP #+++######§# $[P!$ JJ..§§#§# ####### #+(# #### There were no monsters in
sight!

Vanquished Creatures
  2 centaur warriors (D)
  Sonja (D)
  2 unseen horrors (D)
  A deep troll (D)
  An oklob plant (D)
  A hornet (D)
  2 redbacks (D)
  A yak (D)
  Sigmund (D)
  A floating eye (D)
  An ogre (D)
  A jelly (D)
  Ijyb (D)
16 creatures vanquished.

Vanquished Creatures (others)
  A gargoyle (D)
1 creature vanquished.

Grand Total: 17 creatures vanquished

Notes
Turn   | Place    | Note
-------+----------+-------------------------------------------
     0 | D        | schets the Minotaur Berserker began the quest for the Orb.
     0 | D        | Reached XP level 1. HP: 19/19 MP: 0/0
     2 | D        | Noticed Ijyb
    13 | D        | Killed Ijyb
    13 | D        | Reached skill level 5 in Fighting
    13 | D        | Reached skill level 5 in Maces & Flails
    13 | D        | Reached XP level 2. HP: 27/30 MP: 1/1
   131 | D        | Noticed an ogre
   135 | D        | Killed an ogre
   135 | D        | Reached XP level 3. HP: 40/40 MP: 2/2
   135 | D        | Reached XP level 4. HP: 48/48 MP: 3/3
   299 | D        | Noticed Sigmund
   306 | D        | Killed Sigmund
   306 | D        | Reached ** piety under Trog
   306 | D        | Reached skill level 5 in Armour
   306 | D        | Reached skill level 5 in Dodging
   306 | D        | Reached XP level 5. HP: 57/57 MP: 4/4
   361 | D        | Found an ornate altar of the Wu Jian Council.
   361 | D        | Found a deep blue altar of Sif Muna.
   363 | D        | Found a radiant altar of Vehumet.
   367 | D        | Reached XP level 6. HP: 60/64 MP: 5/5
   371 | D        | Got a crude flail
   372 | D        | Identified the +7 flail "Azor" {crush, rPois Str+4} (You found it in the Dungeon)
   396 | D        | Found Bac Wihiu's Magic Scroll Emporium.
   396 | D        | Found an ancient bone altar of Kikubaaqudgha.
   396 | D        | Found a hazy altar of Hepliaklqana.
   396 | D        | Found a stormy altar of Qazlal.
   396 | D        | Found a hide-covered altar of Uskayaw.
   396 | D        | Found a blossoming altar of Fedhas.
   396 | D        | Found a bloodstained altar of Trog.
   396 | D        | Found an iron altar of Okawaru.
   396 | D        | Found a basalt altar of Yredelemnul.
   396 | D        | Found a glowing golden altar of the Shining One.
   396 | D        | Found a snail-covered altar of Cheibriados.
   396 | D        | Found a sacrificial altar of Ru.
   396 | D        | Found a glowing silver altar of Zin.
   396 | D        | Found a shadowy altar of Dithmenos.
   396 | D        | Found a white marble altar of Elyvilon.
   396 | D        | Noticed a yak
   402 | D        | Killed a yak
   402 | D        | Reached skill level 10 in Fighting
   402 | D        | Reached skill level 10 in Maces & Flails
   403 | D        | Found an opulent altar of Gozag.
   404 | D        | Found a sparkling altar of Nemelex Xobeh.
   416 | D        | Bought a scroll of immolation for 38 gold pieces
   421 | D        | Noticed Sonja
   431 | D        | Killed Sonja
   431 | D        | Reached *** piety under Trog
   431 | D        | Reached skill level 5 in Throwing
   431 | D        | Reached XP level 7. HP: 26/77 MP: 6/6
   431 | D        | Reached XP level 8. HP: 28/83 MP: 7/7
   867 | D        | Noticed a deep troll
   875 | D        | Killed a deep troll
   882 | D        | Killed a gargoyle
  1168 | D        | Noticed a centaur warrior
  1174 | D        | Found Cibrulue's Armour Emporium.
  1191 | D        | Noticed a centaur warrior
  1196 | D        | Killed a centaur warrior
  1196 | D        | Reached XP level 9. HP: 47/93 MP: 8/8
  1202 | D        | Killed a centaur warrior
  1202 | D        | Reached **** piety under Trog
  1202 | D        | Reached skill level 10 in Armour
  1507 | D        | Noticed an oklob plant
  1514 | D        | Killed an oklob plant
  1525 | D        | Reached skill level 10 in Dodging
  1561 | D        | Killed an unseen horror
  1561 | D        | Reached ***** piety under Trog
  1561 | D        | Reached skill level 15 in Fighting
  1561 | D        | Reached skill level 15 in Maces & Flails
  1561 | D        | Reached XP level 10. HP: 31/105 MP: 9/9
  1563 | D        | Killed an unseen horror
  1572 | D        | Received a gift from Trog
  1602 | D        | Killed by an exploding ballistomycete spore

Vault maps used:
D:        dungeon_sprint_1

Skill      XL: |  1  2  3  4  5  6  7  8  9 10 |
---------------+-------------------------------+-----
Fighting       | 5 7 9 12 13 15 | 15.5
Maces & Flails | 5 7 9 11 13 15 | 15.5
Armour         | 3 4 5 8 9 10 11 | 11.2
Dodging        | 3 4 5 7 9 10 | 10.5
Throwing       | 2 5 6 8 |  8.6

Action                   |  1- 3 |  4- 6 |  7- 9 | 10-12 || total
-------------------------+-------+-------+-------+-------++-------
Melee: Mace              |    13 |     8 |       |       ||    21
       Headbutt          |     2 |     1 |    11 |     1 ||    15
       Flail             |       |    13 |    35 |     5 ||    53
Invok: Berserk           |     2 |     2 |     3 |       ||     7
  Use: Potion            |       |       |     1 |       ||     1
  Eat: Ration            |       |     1 |       |       ||     1
       Chunk             |       |       |     3 |       ||     3
Armor: Animal skin       |     1 |       |       |       ||     1
       Leather armour    |       |     3 |    10 |       ||    13
Dodge: Dodged            |     4 |    14 |    16 |     2 ||    36

Table legend:
 A = Spawn XP
 B = Non-spawn XP
 C = Spawn XP percentage of total XP
 D = Spawn monster count
 E = Non-spawn monster count
 F = Spawn count percentage of total count
 G = Total turns spent on level
                    A         B        C        D         E        F      G
               +---------+---------+-------+---------+---------+-------+---------
         Total |       0 |    6893 |   0.0 |       0 |      16 |   0.0 |  1602
               +---------+---------+-------+---------+---------+-------+---------
             D |       0 |    6893 |   0.0 |       0 |      16 |   0.0 |  1602
               +---------+---------+-------+---------+---------+-------+---------
